 Dungeon Crawl Stone Soup version 0.28.0-53-g5a82cb258f (webtiles) character file.

Game seed: 16891829050208435490

7 styxcanada the Sneak (level 1, 0/10 HPs)
             Began as a Spriggan Brigand on July 14, 2022.
             Slain by a bat (1 damage)
             ... on level 1 of the Dungeon.
             The game lasted 00:02:01 (609 turns).

styxcanada the Sneak (Spriggan Brigand)              Turns: 609, Time: 00:02:02

Health: 0/10       AC:  3    Str:  7    XL:     1   Next: 83%
Magic:  2/2        EV: 16    Int: 12    God:
Gold:   16         SH:  0    Dex: 16    Spells: 0/0 levels left

rFire   . . .      SeeInvis +   a - +2 dagger
rCold   . . .      Faith    .   (no shield)
rNeg    . . .      Spirit   .   b - +0 robe
rPois   .          Reflect  .   (helmet restricted)
rElec   .          Harm     .   c - +0 cloak
rCorr   .          Rampage  .   (gloves unavailable)
Will    .....                   (boots unavailable)
Stlth   +++.......              (no amulet)
HPRegen 0.03/turn               (no ring)
MPRegen 0.08/turn               (no ring)

@: very quick
A: very small, no large weapons, unfitting armour, see invisible, speed 3
a: no special abilities


You were on level 1 of the Dungeon.
You visited 1 branch of the dungeon, and saw 1 of its levels.

You collected 16 gold pieces.

Inventory:

Hand Weapons
 a - a +2 dagger (weapon)
Missiles
 d - 8 poisoned darts (quivered)
 e - 2 curare-tipped darts
 f - 3 boomerangs
 i - 33 stones
 l - 16 sling bullets
Armour
 b - a +0 robe (worn)
 c - a +0 cloak (worn)
Scrolls
 h - a scroll of vulnerability {unknown}
 k - a scroll of identify {unknown}
Potions
 g - a potion of degeneration {unknown}
 j - a potion of haste {unknown}


   Skills:
 * Level 1.6 Fighting
 + Level 2.3 Short Blades
 + Level 2.0 Throwing
 * Level 1.8 Dodging
 * Level 6.0 Stealth


You couldn't memorise any spells.
You didn't know any spells.
Your spell library was empty.

Dungeon Overview and Level Annotations

Branches:
Dungeon (1/15)

Altars:


Innate Abilities, Weirdness & Mutations

You are very small and have problems with some larger weapons.
You are too small for most types of armour.
You have supernaturally acute eyesight. (SInv)
You cover ground extremely quickly. (Speed+++)


Message History

The frilled lizard hisses angrily.
You closely miss the frilled lizard. The frilled lizard barely misses you.
You hit the frilled lizard but do no damage.
The frilled lizard bites you.
You hit the frilled lizard.
You kill the frilled lizard!
You see here a frilled lizard corpse.
You start resting.
HP restored.
A kobold comes into view. It is wielding a +0 whip.
A bat comes into view.
You hit the kobold but do no damage. The kobold misses you.
You closely miss the kobold. The bat barely misses you.
You hit the kobold.
The kobold is moderately wounded.
The bat hits you but does no damage. The kobold completely misses you.
You miss the bat. The bat misses you. The kobold completely misses you.
You closely miss the kobold.
The kobold is moderately wounded.
The bat hits you but does no damage. The kobold hits you with a +0 whip.
You miss the bat. The bat misses you. The kobold misses you.
You hit the kobold.
The kobold is severely wounded.
The kobold closely misses you. The bat misses you.
You closely miss the bat. The bat misses you. The kobold misses you.
You hit the kobold but do no damage.
The kobold is severely wounded.
The bat barely misses you. The kobold hits you with a +0 whip.
You closely miss the bat. The bat closely misses you.
The kobold hits you with a +0 whip.
Ouch! That really hurt!
* * * LOW HITPOINT WARNING * * *
You barely miss the bat. The bat misses you. The bat misses you.
You barely miss the bat. The bat closely misses you. The bat barely misses you.
You hit the bat.
The bat is heavily wounded.
The bat hits you.
You die...

..................#
###.#.............#
#.#...###.......#### #
##................
#.##.#######........
##...................
#......####.....#####
#...............#
..........K.@...#
...........b........
....................
....................
#####...............
##### #...............
.....
#...............#########
#...............#........
#.#####+#


You could see a bat and a kobold.

Vanquished Creatures
  2 bats (D:1)
  A giant cockroach (D:1)
  A hobgoblin (D:1)
  A frilled lizard (D:1)
  A goblin (D:1)
  A rat (D:1)
7 creatures vanquished.

Notes
Turn   | Place    | Note
-------+----------+-------------------------------------------
     0 | D:1      | styxcanada the Spriggan Brigand began the quest for the
                  | Orb.
     0 | D:1      | Reached XP level 1. HP: 10/10 MP: 2/2
   172 | D:1      | Reached skill level 6 in Stealth
   609 | D:1      | Slain by a bat

Illustrated notes

Levels and vault maps discovered:
D:1:      tarquinn_simple_flora_water_f, layout_basic

Skill      XL: |  1 |
---------------+----+-----
Stealth        | 6 |  6.0
Fighting       | |  1.6
Short Blades   | |  2.3
Throwing       | |  2.0
Dodging        | |  1.8

Action                   || total
-------------------------++-------
Melee: Dagger            ||    36
Throw: Dart              ||     3
 Stab: Sleeping          ||     1
Armor: Robe              ||     5
Dodge: Dodged            ||    38
